 Dungeon Crawl Stone Soup version 0.22.1-2-g9c5b331 (webtiles) character file.

136 lysyklops the Magician (level 4, -2/24 HPs)
             Began as a Deep Elf Air Elementalist on Dec 17, 2018.
             Killed by divine providence
             ... invoked by an orc priest
              (11 damage)
             ... on level 3 of the Dungeon.
             The game lasted 00:06:23 (2318 turns).

lysyklops the Magician (Deep Elf Air Elementalist)  Turns: 2318, Time: 00:06:24

Health: -2/24      AC:  3    Str:  5    XL:     4   Next: 98%
Magic:  9/12       EV: 14    Int: 21    God:
Gold:   107        SH:  0    Dex: 15    Spells: 8/11 levels left

rFire    . . .     SeeInvis .   o - +1 dagger (venom)
rCold    . . .     Gourm    .   (no shield)
rNeg     . . .     Faith    .   a - +0 robe
rPois    .         Spirit   .   (no helmet)
rElec    .         Reflect  .   q - +0 cloak
rCorr    .         Harm     .   (no gloves)
MR       .....                  (no boots)
Stlth    ++........             (no amulet)
HPRegen  0.08/turn              (no ring)
MPRegen  0.13/turn              (no ring)

@: no status effects
A: no striking features
a: no special abilities


You were on level 3 of the Dungeon.
You were very hungry.

You visited 1 branch of the dungeon, and saw 3 of its levels.

You collected 107 gold pieces.

Inventory:

Hand Weapons
 o - a +1 dagger of venom (weapon)
Missiles
 i - 63 stones (quivered)
Armour
 a - a +0 robe (worn)
 q - a +0 cloak (worn)
Jewellery
 d - an uncursed ring of ice {unknown}
 k - an uncursed ring of protection from fire {unknown}
 m - an uncursed ring of wizardry {unknown}
Scrolls
 b - a scroll of enchant weapon {unknown}
 j - a scroll of teleportation {unknown}
 n - a scroll of identify {unknown}
Potions
 e - a potion of degeneration {unknown}
 f - a potion of magic {unknown}
 g - a potion of heal wounds {unknown}
 h - 2 potions of resistance {unknown}
 l - a potion of agility {unknown}
 p - a potion of lignification {unknown}
 r - a potion of curing {unknown}
Comestibles
 c - 3 rations


   Skills:
 + Level 3.6 Dodging
 - Level 2.6 Stealth
 + Level 4.2 Spellcasting
 + Level 2.7 Conjurations
 + Level 3.8 Air Magic


You had 8 spell levels left.
You knew the following spells:

 Your Spells              Type           Power        Failure   Level  Hunger
a - Shock                 Conj/Air       ###.         3%          1    None
b - Swiftness             Chrm/Air       ##......     9%          2    #......

Your spell library contained the following spells:

 Spells                   Type           Power        Failure   Level  Hunger
 Static Discharge         Conj/Air       ###.....     9%          3    ###....
 Airstrike                Air            ###.......   24%         4    ####...
 Lightning Bolt           Conj/Air       ###.......   63%         5    ######.


Dungeon Overview and Level Annotations

Branches:
Dungeon (3/15)

Altars:
Makhleb
The Shining One


Message History

An orc comes into view. It is wielding a hand axe.
The orc priest calls down the wrath of Beogh upon you.
Pain shoots through your body!
Casting: Shock (safe; 3% risk of failure)
Confirm with . or Enter, or press ? or * to list all spells.
You feel quick.
The orc shouts!
An orc comes into view. It is wielding a hand axe.
The orc priest looks satisfied for a moment.
The orc priest looks braver for a moment.
The orc priest invokes the aid of Beogh against you.
Beogh smites you!
* * * LOW HITPOINT WARNING * * *
You start to feel a little slower.
You feel sluggish.
You start to feel a little faster.
You no longer feel sluggish.
The orc priest calls down the wrath of Beogh upon you.
Beogh smites you!
You die...

#......... ##.........
.......... #......... ##
#......... .< #.<.......
#.####.........
#...#[.........
#...@........
#...........# ..#########
#.##.#.....##
..........###. #....####
.............. #....#
............## #....#
.............# ##.###
!..........#[####o## ..
...#.......#.......##....


You could see an orc priest.

Vanquished Creatures
  Crazy Yiuf (D:2)
  5 adders (D:2)
  2 oozes (D:2)
  A dart slug (D:1)
  2 orcs
  6 bats
  A giant cockroach (D:2)
  9 goblins
  5 hobgoblins
  4 jackals (D:2)
  2 quokkas
  A ball python (D:2)
  3 frilled lizards
  7 kobolds
  5 rats
  A fungus (D:2)
55 creatures vanquished.

Notes
Turn   | Place    | Note
-------+----------+-------------------------------------------
     0 | D:1      | lysyklops the Deep Elf Air Elementalist began the quest for
                  | the Orb.
     0 | D:1      | Reached XP level 1. HP: 10/10 MP: 6/6
   232 | D:1      | Reached XP level 2. HP: 15/15 MP: 5/8
   927 | D:2      | Reached XP level 3. HP: 13/19 MP: 0/10
  1103 | D:2      | Found a faded altar of an unknown god.
  1447 | D:2      | Reached XP level 4. HP: 22/24 MP: 7/11
  1589 | D:2      | Reached skill level 4 in Spellcasting
  1594 | D:2      | Learned a level 2 spell: Swiftness
  1667 | D:2      | Found a glowing golden altar of the Shining One.
  1863 | D:2      | Found a burning altar of Makhleb.
  2071 | D:2      | Found a runed door.
  2075 | D:2      | Noticed Crazy Yiuf
  2084 | D:2      | Killed Crazy Yiuf
  2318 | D:3      | Killed from afar by an orc priest

Skill      XL: |  1  2  3  4 |
---------------+-------------+-----
Dodging        | 3 |  3.6
Conjurations   | 2 |  2.7
Spellcasting   | 4 |  4.2
Stealth        | |  2.6
Air Magic      | |  3.8

Action                   |  1- 3 |  4- 6 || total
-------------------------+-------+-------++-------
Melee: Club              |    30 |       ||    30
       Dagger            |    18 |    21 ||    39
 Cast: Shock             |    73 |    30 ||   103
       Swiftness         |       |     1 ||     1
  Eat: Chunk             |     2 |     1 ||     3
Armor: Robe              |    11 |       ||    11
Dodge: Dodged            |    62 |    12 ||    74
